 Dungeon Crawl Stone Soup version 0.32-a0-975-g85d4e5bfdb (webtiles) character file.

Game seed: 13599442353279541552

12433 javelincjr the Fighter (level 11, -7/90 (97) HPs)
             Began as a Demonspawn Gladiator on Apr 17, 2024.
             Was a Priest of Qazlal.
             Killed from afar by a laughing skull (26 damage)
             ... with a bolt of negative energy
             ... on level 1 of the Abyss on Apr 18, 2024.
             The game lasted 00:41:27 (8559 turns).

javelincjr the Fighter (Demonspawn Gladiator)       Turns: 8559, Time: 00:41:28

HP:   -7/90 (97)    AC: 32    Str: 24    XL:     11   Next: 62%
MP:   3/14          EV: 12    Int:  9    God:    Qazlal [***...]
Gold: 1068          SH:  8    Dex: 15    Spells: 10/10 levels left

rFire   . . .        a - +7 spear (drain)
rCold   . . .        T - +0 buckler
rNeg    . . .        Y - +9 plate armour {ponderous}
rPois   +            c - +1 helmet
rElec   .            b - +2 cloak {rPois}
rCorr   .            x - +0 pair of gloves
SInv    .            (no boots)
Will    .....        (no amulet) Stlth
                     G - +6 ring of strength
HPRegen 3.35/turn    z - +5 ring of evasion
MPRegen 0.14/turn

%: no passive effects
@: drained, slow
A: hooves 1, yellow scales 2, demonic guardian 2, powered by death 3
a: Renounce Religion, Upheaval, Elemental Force


You were on level 1 of the Abyss.
You worshipped Qazlal.
Qazlal was most pleased with you.
You visited 2 branches of the dungeon, and saw 13 of its levels.
You visited the Abyss 1 time.
You also visited: Bailey.

You collected 1068 gold pieces.

Inventory:

Hand Weapons
 a - a +7 spear of draining (weapon)
 q - a +1 scythe of venom
 B - a +4 orcbow
 C - a +2 dagger of holy wrath
Missiles
 d - 7 throwing nets (quivered)
 e - a javelin
 D - a curare-tipped dart
 F - 16 poisoned darts
 I - 3 atropa-tipped darts
 J - 5 boomerangs
Armour
 b - a +2 cloak of poison resistance (worn)
 c - a +1 helmet (worn)
 s - a +0 ring mail of cold resistance
 x - a +0 pair of gloves (worn)
 N - a +0 plate armour
 T - a +0 buckler (worn)
 Y - a +9 plate armour of ponderousness (worn)
 Z - a +2 ring mail of fire resistance
Jewellery
 h - a ring of poison resistance
 v - a ring of protection from cold
 z - a +5 ring of evasion (right hand)
 G - a +6 ring of strength (left hand)
Wands
 t - a wand of polymorph (25)
 w - a wand of mindburst (46)
 L - a wand of warping (4)
 Q - a wand of paralysis (8)
 U - a wand of flame (10)
 V - a wand of acid (8)
Scrolls
 f - 2 scrolls of blinking
 m - a scroll of silence
 o - a scroll of amnesia
 E - a scroll of vulnerability
 S - a scroll of revelation {unknown}
Potions
 g - 3 potions of resistance
 i - a potion of haste
 j - a potion of attraction {unknown}
 k - a potion of cancellation {unknown}
 l - 3 potions of lignification
 n - 2 potions of enlightenment
 p - 6 potions of curing
 r - 3 potions of might {unknown}
 H - a potion of heal wounds {unknown}
 K - 2 potions of mutation {unknown}
 M - 2 potions of brilliance {unknown}
 W - a potion of degeneration {unknown}
Miscellaneous
 X - a phantom mirror (inert)


   Skills:
 * Level 12.8 Fighting
 + Level 8.7 Polearms
 - Level 1.7 Throwing
 + Level 8.2 Armour
 + Level 4.0 Dodging
 + Level 2.6 Shields
 + Level 4.0 Invocations


You had 10 spell levels left.
You didn't know any spells.
Your spell library contained the following spells:

 Spells                   Type           Power      Damage    Failure   Level
 Ensorcelled Hibernation  Hex/Ice        0%         N/A       100%        2
 Dazzling Flash           Conj/Hex       0%         N/A       100%        3
 Inner Flame              Hex/Fire       0%         N/A       100%        3
 Passwall                 Erth           0%         N/A       100%        3
 Swiftness                Air            0%         N/A       100%        3
 Tukima's Dance           Hex            0%         N/A       100%        3
 Animate Armour           Summ/Erth      0%         N/A       100%        4
 Passage of Golubria      Tloc           0%         N/A       100%        4
 Irradiate                Conj/Alch      0%         3d11      100%        5
 Lee's Rapid Deconstruct  Erth           0%         3d4*      100%        5
 Yara's Violent Unravell  Hex/Alch       0%         3d3       100%        5
 Starburst                Conj/Fire      0%         6d3       100%        6
 Magnavolt                Erth/Air       0%         3d9       100%        7
 Fulsome Fusillade        Conj/Alch      0%         (3-5)d4   100%        8
 Ignition                 Fire           0%         3d3       100%        8


Dungeon Overview and Level Annotations

Branches:
Dungeon (12/15)            Temple (1/1) D:6             Orc (0/2) D:11
 Bailey (visited)
   Lair: D:8-11

Altars:
Ashenzari
Cheibriados
Dithmenos
Fedhas
Gozag
Hepliaklqana
Kikubaaqudgha
Makhleb
Nemelex Xobeh
Okawaru
Qazlal
Ru
Sif Muna
Trog
Uskayaw
Vehumet
Wu Jian
Xom
Yredelemnul

Shops:
D:3 *   D:4 [   D:11 *

Annotations:
D:7 3 runed translucent doors, ManDude's ghost, novice TeSu
D:10 Erolcha


Innate Abilities, Weirdness & Mutations

You have large cloven feet.
You are mostly covered in yellow scales. (AC +3)
A demonic guardian rushes to your aid.
You regenerate a lot of health from kills.


Message History

The stunning burst hits the laughing skull.
The laughing skull is paralysed.
The stunning burst hits the laughing skull!
The laughing skull is paralysed.
The laughing skull misses your air elemental.
Activating: Elemental Force (22% risk of failure)
Press: ? - help, Dir - look around, f - activate Clouds arounds you coalesce and take form!
The laughing skull is no longer paralysed. x2
The laughing skull burns!
The laughing skull stops burning.
Your air elemental fires a burst of electricity at the laughing skull.
The stunning burst hits the laughing skull.
The laughing skull is paralysed.
The stunning burst hits the laughing skull!
The laughing skull is paralysed.
The laughing skull barely misses your air elemental.
Your air elemental fires a burst of electricity at the laughing skull.
The stunning burst hits the laughing skull! x2
The laughing skull is destroyed!
Qazlal accepts your kill.
The laughing skull headbutts your air elemental!
The laughing skull gibbers with scorn.
The bolt of negative energy hits your air elemental.
Your air elemental completely resists.
The bolt of negative energy hits you.
You feel drained.
* * * LOW HITPOINT WARNING * * *
Your ice devil hits the sixfirhy!
Your ice devil freezes the sixfirhy!
Your air elemental completely misses the laughing skull.
Your Invocations skill increases to level 4!
You feel better.
The laughing skull is no longer paralysed.
Your air elemental fires a burst of electricity at the laughing skull.
The stunning burst misses the laughing skull.
The laughing skull barely misses your air elemental.
The laughing skull gibbers with scorn.
The bolt of negative energy hits your air elemental.
Your air elemental completely resists.
The bolt of negative energy hits you!!
You feel drained.
You die...
The laughing skull crumbles to pieces from sheer joy.

# . ..... .# .##. .
..#. ....... ....
.. ... .......
...#..#. .#..... .
........ ..... .
......... z..
#...4###z# ..
#....3@Ez#
.........Ez......
.#######.###.#.###.
. N .... .# # .....
#. ###... ) #.
....# ... ##.## #
.# .


You could see a sixfirhy (ally target), 3 laughing skulls, a friendly earth
elemental (summoned), a friendly ice devil (summoned) and a friendly air
elemental (summoned).

Vanquished Creatures
  Erica (D:9)
  A boulder beetle (D:11)
  A storm dragon zombie (Abyss:1)
  A deep elf pyromancer (D:11)
  A large abomination (Abyss:1)
  A cyclops (D:11)
  A worldbinder (Abyss:1)
  A smoke demon (Abyss:1)
  A kobold demonologist (Abyss:1)
  A komodo dragon (D:11)
  3 ancient zymes (Abyss:1)
  2 trolls (D:11)
  Prince Ribbit (D:6)
  2 hornets
  Sigmund (D:2)
  2 small abominations (Abyss:1)
  3 yaks (D:6)
  A wraith (Abyss:1)
  3 wyverns
  Grum (D:8)
  A chaos spawn (Abyss:1)
  A steam dragon (D:8)
  A water moccasin (D:5)
  An orc warrior (D:8)
  2 black bears
  2 sky beasts
  7 wolves
  2 centaurs
  A phantom (D:4)
  2 kobold brigands
  4 bullfrogs
  A brain worm (Abyss:1)
  6 scorpions
  10 gnoll sergeants
  6 wights
  5 howler monkeys
  A quasit (Abyss:1)
  4 gnoll boudas (Bailey)
  3 hounds
  5 orc priests
  Jessica (D:2)
  5 iguanas
  A sleepcap (D:5)
  Ijyb (D:4)
  8 orc wizards
  18 gnolls
  10 adders
  4 shadow imps
  3 white imps
  5 dart slugs
  46 orcs
  4 endoplasms
  4 giant cockroaches (D:1)
  8 goblins
  6 hobgoblins
  4 quokkas
  6 ball pythons
  10 bats
  A frilled lizard (D:1)
  12 kobolds
  6 rats
257 creatures vanquished.

Vanquished Creatures (collateral kills)
  A laughing skull (Abyss:1)
  A wolf (Bailey)
2 creatures vanquished.

Grand Total: 259 creatures vanquished

Notes
Turn   | Place    | Note
-------+----------+-------------------------------------------
     0 | D:1      | javelincjr the Demonspawn Gladiator began the quest for the
                  | Orb.
     0 | D:1      | Reached XP level 1. HP: 16/16 MP: 1/1
   326 | D:1      | Gained mutation: You regenerate a little health from kills.
                  | [demonic ancestry]
   326 | D:1      | Reached XP level 2. HP: 12/23 MP: 2/2
   621 | D:1      | Reached skill level 1 in Armour
  1097 | D:2      | Gained mutation: You regenerate health from kills. [demonic
                  | ancestry]
  1097 | D:2      | Reached XP level 3. HP: 28/28 MP: 3/3
  1121 | D:2      | Noticed Sigmund
  1141 | D:2      | Killed Sigmund
  1142 | D:2      | Reached skill level 4 in Fighting
  1142 | D:2      | Gained mutation: You regenerate a lot of health from kills.
                  | [demonic ancestry]
  1142 | D:2      | Reached XP level 4. HP: 36/37 MP: 4/4
  1142 | D:2      | Gained mutation: You are partially covered in yellow
                  | scales. (AC +2) [demonic ancestry]
  1142 | D:2      | Reached XP level 5. HP: 41/42 MP: 5/5
  1712 | D:2      | Noticed Jessica
  1717 | D:2      | Killed Jessica
  1799 | D:3      | Noticed a centaur
  1809 | D:3      | Killed a centaur
  1810 | D:3      | Gained mutation: A weak demonic guardian rushes to your
                  | aid. [demonic ancestry]
  1810 | D:3      | Reached XP level 6. HP: 23/50 MP: 6/6
  1910 | D:3      | Reached skill level 5 in Fighting
  1912 | D:3      | Found Zin's Purification Station.
  2166 | D:3      | Noticed a sky beast
  2178 | D:3      | Killed a sky beast
  2264 | D:3      | Found a sparkling altar of Nemelex Xobeh.
  2784 | D:4      | Found Zebbaidu's Armour Shoppe.
  2842 | D:4      | Noticed Ijyb
  2851 | D:4      | Killed Ijyb
  2927 | D:4      | Gained mutation: You are mostly covered in yellow scales.
                  | (AC +3) [demonic ancestry]
  2927 | D:4      | Reached XP level 7. HP: 53/57 MP: 7/7
  3061 | D:4      | Reached skill level 6 in Fighting
  3529 | D:5      | Entered Level 5 of the Dungeon
  3723 | D:5      | Reached XP level 8. HP: 44/65 MP: 8/8
  3727 | D:5      | Reached skill level 5 in Polearms
  3753 | D:5      | Reached skill level 7 in Fighting
  4494 | D:6      | Found a broken altar of Ashenzari.
  4523 | D:6      | Found a staircase to the Ecumenical Temple.
  4557 | D:6      | Noticed Prince Ribbit
  4567 | D:6      | Killed Prince Ribbit
  4586 | Temple   | Entered the Ecumenical Temple
  4622 | Temple   | Became a worshipper of Qazlal Stormbringer
  4713 | D:6      | Reached skill level 8 in Fighting
  4790 | D:6      | Upgraded the game from 0.32-a0-961-gd60f5e5fc7 to
                  | 0.32-a0-975-g85d4e5bfdb
  4896 | D:6      | Reached skill level 5 in Armour
  4911 | D:6      | Gained mutation: You have large cloven feet. [demonic
                  | ancestry]
  4911 | D:6      | Reached XP level 9. HP: 26/75 MP: 9/9
  5053 | D:6      | Found a radiant altar of Vehumet.
  5159 | D:6      | Reached skill level 9 in Fighting
  5331 | D:7      | Reached * piety under Qazlal
  5361 | D:7      | Found a runed translucent gate.
  5361 | D:7      | Found a runed translucent gate.
  5478 | D:7      | Found a runed translucent gate.
  5478 | D:7      | Noticed a spectral unseen horror
  5481 | D:7      | Noticed ManDude's ghost (novice TeSu)
  5684 | D:7      | Paralysed by a hornet for 2 turns
  6288 | D:8      | Noticed Grum
  6308 | D:8      | Reached skill level 10 in Fighting
  6310 | D:8      | Killed Grum
  6383 | D:8      | Identified a scroll of acquirement
  6383 | D:8      | Acquired a +2 cloak of poison resistance
  6475 | D:8      | Reached ** piety under Qazlal
  6480 | D:8      | Found a flagged portal.
  6508 | D:8      | Reached XP level 10. HP: 86/86 MP: 10/10
  6516 | Bailey   | Entered a bailey
  6836 | Bailey   | Reached skill level 11 in Fighting
  7183 | D:8      | Reached *** piety under Qazlal
  7415 | D:9      | Noticed Erica
  7429 | D:9      | Killed Erica
  7748 | D:9      | You fall into a shaft and drop 2 floors!
  7748 | D:11     | Found a staircase to the Orcish Mines.
  7757 | D:11     | Noticed a deep elf pyromancer
  7771 | D:12     | Reached skill level 12 in Fighting
  7783 | D:11     | Killed a deep elf pyromancer
  7869 | D:10     | Entered Level 10 of the Dungeon
  7885 | D:10     | Noticed Erolcha
  7960 | D:11     | Reached skill level 1 in Invocations
  7985 | D:11     | Gained mutation: A demonic guardian rushes to your aid.
                  | [demonic ancestry]
  7985 | D:11     | Reached XP level 11. HP: 85/95 MP: 10/12
  7987 | D:11     | Noticed a boulder beetle
  7993 | D:11     | Reached skill level 1 in Shields
  8033 | D:11     | Killed a boulder beetle
  8075 | D:11     | Found Aycsizio's Alliterative Armaments.
  8241 | Abyss:1  | Cast into level 1 of the Abyss (Erolcha)
  8313 | Abyss:1  | Noticed a mana viper
  8316 | Abyss:1  | Noticed a naga warrior
  8316 | Abyss:1  | Noticed a mana viper
  8330 | Abyss:1  | Noticed a naga warrior
  8341 | Abyss:1  | Noticed a mana viper
  8455 | Abyss:1  | Noticed a large abomination
  8465 | Abyss:1  | Killed a large abomination
  8556 | Abyss:1  | Noticed a sixfirhy
  8556 | Abyss:1  | HP: 4/91 [laughing skull/bolt of negative energy (34)]
  8559 | Abyss:1  | Killed from afar by a laughing skull

Illustrated notes

Levels and vault maps discovered:
D:1:      dpeg_arrival_water_fire, layout_basic, minmay_split_cup_small
D:2:      layout_loops_corners, kennysheep_another_room, uniq_sigmund,
          uniq_jessica
D:3:      layout_basic, nemelex_spade_bored_becter, zin_purify,
          chequers_serial_rivers_micro_c
D:4:      old_forge, layout_basic, serial_shops, shop, uniq_ijyb
D:5:      layout_basic, nicolae_letterblocks [nicolae_letter_subblock,
          nicolae_letter_subblock, nicolae_letter_subblock,
          nicolae_letter_subblock, nicolae_letter_subblock,
          nicolae_letter_subblock, nicolae_letter_subblock,
          nicolae_letter_subblock, nicolae_letter_subblock,
          nicolae_letter_subblock, nicolae_letter_subblock,
          nicolae_letter_subblock, nicolae_letter_subblock,
          nicolae_letter_subblock, nicolae_letter_subblock,
          nicolae_letter_subblock, nicolae_letter_subblock,
          nicolae_letter_subblock, nicolae_letter_subblock,
          nicolae_letter_subblock, nicolae_letter_subblock,
          nicolae_letter_subblock, nicolae_letter_subblock,
          nicolae_letter_subblock, nicolae_letter_subblock]
D:6:      layout_gridville, nicolae_ashenzari_skybound,
          nicolae_vehumet_altar_sigil, minmay_temple_entry_crystal_x,
          hangedman_abyss_or_decor_stagger, uniq_prince_ribbit1
D:7:      layout_loops_corners, gammafunk_ghost_necromancy
D:8:      layout_rooms, enter_bailey_5, hangedman_abyss_or_decor_passed,
          minmay_fractal_squares_5, uniq_grum
D:9:      layout_loops_cross, uniq_erica
D:10:     layout_basic, minmay_ruined_shrine, uniq_erolcha
D:11:     layout_loops_ring, orc_0_dummy, hangedman_decor_riveting,
          monkooky_shop_alliterative
D:12:     layout_irregular_city, wad_rectangle_vault
Temple:   mainiacjoe_temple_bowtie_tessellation
Abyss:1:  base: D:1, serial_sigils_hangedman_snap

Skill      XL: |  1  2  3  4  5  6  7  8  9 10 11 |
---------------+----------------------------------+-----
Polearms       | 3 4 6 7 8 |  8.7
Armour         | 1 2 3 4 5 6 7 8 |  8.2
Fighting       | 4 5 6 8 10 12 | 12.8
Invocations    | 1 4 |  4.0
Dodging        | 4 |  4.0
Shields        | 2 |  2.6
Throwing       | |  1.7

Action                     |  1- 3 |  4- 6 |  7- 9 | 10-12 || total
---------------------------+-------+-------+-------+-------++-------
  Melee: Trident           |    24 |       |       |       ||    24
         Dagger            |    89 |       |       |       ||    89
         Halberd           |       |   118 |   355 |   150 ||   623
         Kick              |       |       |    33 |   127 ||   160
         Spear             |       |       |       |   250 ||   250
  Throw: Throwing net      |     2 |       |       |     1 ||     3
 Invoke: Upheaval          |       |       |       |     1 ||     1
         Elemental Force   |       |       |       |     2 ||     2
  Evoke: Wand              |       |       |       |     1 ||     1
         Phantom mirror    |       |       |       |     1 ||     1
    Use: Scroll            |       |       |     6 |    12 ||    18
         Potion            |       |       |       |     4 ||     4
   Stab: Held in net/web   |     2 |       |       |       ||     2
 Armour: Ring mail         |    42 |    40 |       |       ||    82
         Leather armour    |     7 |       |       |       ||     7
         Scale mail        |       |    21 |   121 |       ||   142
         Chain mail        |       |       |   111 |   126 ||   237
         Plate armour      |       |       |       |   176 ||   176
  Dodge: Dodged            |    56 |    66 |   250 |   244 ||   616
  Block: Other             |       |       |    13 |    24 ||    37
         Buckler           |       |       |       |    91 ||    91

Table legend: (Time is in decaauts)
 A = Elapsed time spent in this place.
 B = Non-inter-level travel time spent in this place.
 C = Inter-level travel time spent in this place.
 D = Time resting spent in this place.
 E = Time spent auto-exploring this place.
 F = Levels seen in this place.
 G = Mean time per level.
                   A        B        C        D        E       F      G
               +--------+--------+--------+--------+--------+-----+--------+
         Total |   8723 |   8406 |    317 |    112 |   5783 |  15 |  581.5 |
       Dungeon |   7742 |   7493 |    249 |      0 |   5617 |  12 |  645.2 |
        Temple |    114 |     46 |     68 |      0 |     45 |   1 |  114.0 |
         Abyss |    291 |    291 |      0 |     62 |      0 |   1 |  291.0 |
        Bailey |    575 |    575 |      0 |     50 |    121 |   1 |  575.0 |
               +--------+--------+--------+--------+--------+-----+--------+

Top non-repeatable levels by time:
     D:3: 1005 daAuts
     D:1: 967 daAuts
     D:5: 966 daAuts
     D:7: 948 daAuts
     D:2: 838 daAuts
     D:4: 771 daAuts
     D:6: 734 daAuts
     D:8: 594 daAuts
  Bailey: 575 daAuts
     D:9: 423 daAuts
    D:11: 419 daAuts
 Abyss:1: 291 daAuts
  Temple: 114 daAuts
    D:10: 58 daAuts
    D:12: 14 daAuts
